 Dungeon Crawl Stone Soup version 0.25-a0-972-g74ed164fb1 (webtiles) character file.

Game seed: 13531799173231871655, levelgen mode: deterministic

109888 Morbidden the Brawler (level 16, -8/136 HPs)
             Began as a Demonspawn Gladiator on Apr 22, 2020.
             Was the Champion of Cheibriados.
             Killed from afar by a merfolk aquamancer (34 damage)
             ... with a torrent of water
             ... on level 1 of the Shoals on May 9, 2020.
             The game lasted 01:11:41 (27967 turns).

Morbidden the Brawler (Demonspawn Gladiator)       Turns: 27967, Time: 01:11:41

Health: -8/136     AC: 16    Str: 36    XL:     16   Next: 5%
Magic:  34/34      EV: 17    Int: 25    God:    Cheibriados [******]
Gold:   4395       SH: 25    Dex: 30    Spells: 15/15 levels left

rFire    . . .     SeeInvis .     - Unarmed
rCold    + + .     Gourm    .   g - +0 tower shield
rNeg     . . .     Faith    .   V - +0 ice dragon scales
rPois    .         Spirit   .   (helmet unavailable)
rElec    .         Reflect  +   E - +1 cloak
rCorr    .         Harm     .   (no gloves)
MR       +++..                  v - +0 pair of boots
Stlth    +.........             Q - +3 amulet of reflection
HPRegen  0.32/turn              P - +4 ring of evasion
MPRegen  0.24/turn              M - ring "Daatam" {MR+ MP+9}

@: very slow
A: claws 2, hooves 2, horns 3, demonic guardian 1, fire resistance 1, magic
resistance 1, robust 1, spiny 2
a: Bend Time, Temporal Distortion, Slouch, Step From Time, Renounce Religion


You were on level 1 of the Shoals.
You worshipped Cheibriados.
Cheibriados was exalted by your worship.
You were not hungry.

You visited 4 branches of the dungeon, and saw 24 of its levels.
You also visited: Ice Cave.

You collected 7087 gold pieces.
You spent 2692 gold pieces at shops.

Inventory:

Missiles
 c - 9 curare-tipped darts
 d - 10 throwing nets
 l - 4 atropa-tipped darts
 B - 6 silver javelins
 F - 47 boomerangs (quivered)
 X - 8 javelins
Armour
 g - a +0 tower shield (worn)
 v - a +0 pair of boots (worn)
 E - a +1 cloak (worn)
 G - +1 fire dragon scales
 V - +0 ice dragon scales (worn)
Jewellery
 a - an uncursed ring of protection from cold
 k - an uncursed amulet of regeneration
 y - an uncursed ring of resist corrosion
 M - the ring "Daatam" (right claw) {MR+ MP+9}
   (You found it on level 8 of the Dungeon)

   [ring of protection from magic]

   It affects your resistance to hostile enchantments.
   It affects your magic capacity (+9).
 P - a +4 ring of evasion (left claw)
 Q - a +3 amulet of reflection (around neck)
Wands
 n - a wand of iceblast (2)
 D - a wand of enslavement (6)
 I - a wand of flame (21)
 T - a wand of clouds (2)
Scrolls
 b - 2 scrolls of enchant weapon
 j - 4 scrolls of fog
 o - 8 scrolls of remove curse
 q - 9 scrolls of teleportation
 s - 2 scrolls of silence
 w - 2 scrolls of fear
 L - 6 scrolls of amnesia
 N - 11 scrolls of enchant armour
 O - 4 scrolls of magic mapping
Potions
 e - 2 potions of resistance
 h - 8 potions of curing
 i - 2 potions of stabbing
 p - a potion of haste {unknown}
 r - 4 potions of flight
 t - 2 potions of heal wounds
 x - a potion of experience {unknown}
 z - 3 potions of brilliance {unknown}
 A - a potion of mutation
 C - 2 potions of ambrosia
 J - a potion of magic {unknown}
 K - a potion of might {unknown}
 R - a potion of invisibility
 S - 2 potions of cancellation
Comestibles
 f - 35 rations


   Skills:
 * Level 10.6 Fighting
   Level 4.6 Long Blades
 + Level 6.4 Throwing
 + Level 8.3 Armour
 + Level 5.5 Dodging
 + Level 3.2 Stealth
 * Level 11.4 Shields
 * Level 16.2 Unarmed Combat
 * Level 12.0 Invocations
 + Level 1.0 Evocations


You had 15 spell levels left.
You didn't know any spells.
Your spell library contained the following spells:

 Spells                   Type           Power        Failure   Level  Hunger
 Animate Skeleton         Necr           N/A          83%         1    ##.....
 Apportation              Tloc           #.....       83%         1    ##.....
 Beastly Appendage        Tmut           #.....       83%         1    ##.....
 Corona                   Hex            #......      83%         1    ##.....
 Summon Small Mammal      Summ           #...         83%         1    ##.....
 Ensorcelled Hibernation  Hex/Ice        #.....       92%         2    ###....
 Poisonous Vapours        Pois/Air       #.....       92%         2    ###....
 Sticks to Snakes         Tmut           #.......     92%         2    ###....
 Confusing Touch          Hex            #.......     99%         3    ####...
 Conjure Flame            Conj/Fire      #.......     99%         3    ####...
 Dazzling Flash           Conj/Hex       #.....       99%         3    ####...
 Mephitic Cloud           Conj/Pois/Air  #.......     99%         3    ####...
 Spider Form              Tmut/Pois      #.........   99%         3    ####...
 Tukima's Dance           Hex            #.......     99%         3    ####...
 Ice Form                 Ice/Tmut       #.......     100%        4    #####..
 Blade Hands              Tmut           #.........   100%        5    ######.
 Freezing Cloud           Conj/Ice/Air   #.........   100%        6    #######
 Ring of Flames           Chrm/Fire      #.........   100%        7    #######


Dungeon Overview and Level Annotations

Branches:
Dungeon (15/15)            Temple (0/1) D:5            Lair (6/6) D:11
 Shoals (1/4) Lair:3        Snake (0/4) Lair:2        Slime (0/5) Lair:5
    Orc (2/2) D:11            Elf (0/3) Orc:2        Vaults (0/5) D:14
 Depths (0/5) D:15          IceCv (visited)

Altars:
Ashenzari
Cheibriados
Dithmenos
Elyvilon
Makhleb
Nemelex Xobeh
Ru
Trog
Uskayaw
Vehumet
Xom
Yredelemnul
Beogh
Jiyva

Shops:
D:8 ?   D:12 =   Orc:1 %   Orc:2 =([%

Portals:
Trove: D:12 (give +6 demon whip)

Annotations:
D:7 3 runed translucent doors, Maedhros's ghost, novice OpAr; brujo666's ghost, novice MiGl; ioannis32's ghost, novice DsFi; korppi's ghost, novice GrEE
Lair:3 exclusion: 2 oklob plants
Lair:4 1 runed translucent door


Innate Abilities, Weirdness & Mutations

You have very sharp fingernails.
You have hoof-like feet.
You have a pair of large horns on your head.
A weak demonic guardian rushes to your aid.
You are mostly covered in sharp spines.
Your flesh is heat resistant. (rF+)
You are resistant to hostile enchantments. (MR+)
You are robust. (+10% HP)


Message History

You block the merfolk's attack.
Found 16 gold pieces.
Things that are here:
a +0 trident; a throwing net; a merfolk corpse Your shield and ice dragon scales prevent you from hitting the merfolk.
The merfolk aquamancer is struck by your spines.
The merfolk aquamancer hits you with a +0 rapier!
* * * LOW HITPOINT WARNING * * *
The water elemental is struck by your spines.
The water elemental hits you!
* * * LOW HITPOINT WARNING * * *
You block the water elemental's attack.
The water elemental is struck by your spines.
The water elemental misses you.
Your iron imp splashes around in the water.
Your unstable footing causes you to fumble your attack.
You block the merfolk's attack.
You block the water elemental's attack. x2
The merfolk aquamancer casts a spell at you.
The torrent of water hits you!!
You die...

....... ## ..≈≈≈≈≈
........ # #..≈≈≈....#
#....### ≈ #..≈≈.....#
#....... ≈.###....
(...###≈...... ≈........
#......≈..≈.≈≈
≈.......###.....(≈(..)≈≈
.....#..E≈≈≈...##...##≈≈
......m@m5(.≈.##...###.≈
$##..≈≈EE)≈≈...........≈
#....≈≈≈≈≈≈≈.....≈.≈≈..
≈....≈≈≈≈≈≈....≈≈≈≈P≈...
≈≈≈≈..≈...≈≈.###...P.P....
≈≈≈≈..≈≈.##≈..#
#...##PPP#.
≈≈≈≈≈≈≈≈≈...≈.##
#.P########
≈≈≈≈≈≈≈≈≈≈....####..# #
≈≈≈≈≈≈≈≈≈≈≈≈≈[.##...# #


You could see a merfolk aquamancer, a merfolk, 3 water elementals and a friendly
iron imp (summoned).

Vanquished Creatures
  Rupert (D:12)
  Gastronok (Orc:1)
  A kraken (Shoals:1)
  An orc warlord (Orc:2)
  The ghost of Nytecki the Geomancer, a journeyman GrEE of Vehumet (D:15)
  Snorg (D:13)
  Erolcha (D:11)
  2 rakshasas (D:15)
  4 vault guards (D:14)
  3 hydras
  2 centaur warriors
  A catoblepas (Lair:6)
  2 ice dragons (IceCv)
  A merfolk aquamancer (Shoals:1)
  An ogre mage (D:13)
  4 two-headed ogres
  6 death yaks
  Urug (Lair:2)
  An orc high priest (Orc:2)
  A shock serpent (shapeshifter) (D:13)
  Sonja (D:11)
  A hell knight (D:13)
  A skeletal warrior (D:14)
  2 sea snakes (Shoals:1)
  An unseen horror (D:13)
  A flayed ghost (D:14)
  A glowing orange brain (D:15)
  3 orc knights
  A harpy (shapeshifter) (D:15)
  5 harpies (Shoals:1)
  2 oklob plants (Lair:3)
  3 fauns (Shoals:1)
  A wolf spider (D:13)
  4 manticores
  An orc sorcerer (Orc:2)
  A cyclops (D:13)
  2 deep elf magi
  7 ugly things
  4 elephants
  2 ice statues (IceCv)
  2 merfolk sirens (Shoals:1)
  6 black mambas
  A water nymph (Shoals:1)
  A torpor snail (Lair:3)
  Maggie (D:9)
  2 gargoyles
  11 spiny frogs
  A kobold demonologist (D:12)
  2 efreet
  7 komodo dragons
  4 rime drakes
  A tengu conjurer (D:15)
  11 trolls
  A wind drake (shapeshifter) (D:15)
  6 polar bears
  2 wind drakes (Shoals:1)
  A queen bee (Lair:3)
  4 merfolk (Shoals:1)
  9 hornets
  A troll (shapeshifter) (D:13)
  Prince Ribbit (D:8)
  2 slime creatures (D:15)
  3 tyrant leeches (D:10)
  17 hippogriffs
  A dream sheep (Lair:6)
  7 blink frogs (Lair:6)
  A snapping turtle (Shoals:1)
  3 vampires
  A redback (shapeshifter) (D:15)
  13 spriggans (Lair:6)
  6 water elementals
  3 wyverns
  6 basilisks
  3 wraiths (Orc:2)
  A human (shapeshifter) (D:14)
  49 yaks
  5 shadows
  A steam dragon (Lair:3)
  2 hungry ghosts (D:11)
  7 vampire mosquitoes
  Grum (D:9)
  6 wargs
  An acid dragon (D:12)
  16 water moccasins
  A soldier ant (D:14)
  7 porcupines
  19 ice beasts
  41 orc warriors
  2 black bears
  5 phantoms
  7 sky beasts
  2 eyes of draining (D:13)
  9 ogres
  3 boggarts (Lair:6)
  19 wolves
  5 centaurs
  18 crocodiles
  3 big kobolds
  12 bullfrogs
  A gnoll sergeant (D:13)
  4 troll zombies (D:11)
  5 scorpions
  37 killer bees
  8 wights
  3 howler monkeys
  4 electric eels
  9 crimson imps
  4 jellies
  3 bullfrog zombies
  6 hounds
  3 centaur zombies
  14 orc priests
  3 bullfrog skeletons
  29 orc wizards
  A centaur skeleton (D:8)
  5 iguanas
  Natasha (thrice) (D:4)
  12 worker ants
  2 ogre zombies (D:11)
  A hound skeleton (D:5)
  A howler monkey zombie (D:7)
  8 gnolls
  A howler monkey skeleton (D:11)
  18 adders
  3 shadow imps
  12 white imps (Lair:4)
  2 worms
  2 dart slugs (D:1)
  2 leopard geckos
  89 orcs
  3 giant cockroaches
  7 goblins
  3 hobgoblins
  7 jackals
  9 quokkas
  2 ball pythons
  7 bats
  3 frilled lizards
  A goblin skeleton (D:11)
  A goblin zombie (D:11)
  A hobgoblin skeleton (D:11)
  A hobgoblin zombie (D:11)
  14 kobolds
  2 orc skeletons (D:11)
  13 orc zombies (D:11)
  A quokka skeleton (D:5)
  A quokka zombie (D:8)
  4 rats
  3 tentacles (Shoals:1)
841 creatures vanquished.

Vanquished Creatures (collateral kills)
  Josephine (Orc:2)
  A hydra (Lair:3)
  Harold (D:9)
  A centaur skeleton (D:9)
  2 yaks (Lair:6)
  A wyvern (Lair:2)
  An orc warrior (D:12)
  2 centaurs
  2 scorpions
  A wight (D:9)
  2 crimson imps
  2 hounds
  An orc priest (Orc:2)
  2 orc wizards
  A howler monkey skeleton (D:4)
  4 orcs
25 creatures vanquished.

Vanquished Creatures (others)
  Nessos (Orc:2)
  3 fauns (Shoals:1)
  6 centaurs
  8 fungi
  12 plants
  5 tentacles (Shoals:1)
  A withered plant (D:7)
36 creatures vanquished.

Grand Total: 902 creatures vanquished

Notes
Turn   | Place    | Note
-------+----------+-------------------------------------------
     0 | D:1      | Morbidden the Demonspawn Gladiator began the quest for the
                  | Orb.
     0 | D:1      | Reached XP level 1. HP: 16/16 MP: 1/1
   185 | D:1      | Gained mutation: A weak demonic guardian rushes to your
                  | aid. [demonic ancestry]
   185 | D:1      | Reached XP level 2. HP: 13/22 MP: 2/2
   934 | D:2      | Found a hide-covered altar of Uskayaw.
  1051 | D:2      | Found a white marble altar of Elyvilon.
  1051 | D:2      | Found a snail-covered altar of Cheibriados.
  1051 | D:2      | Found a sparkling altar of Nemelex Xobeh.
  1074 | D:2      | Became a worshipper of Cheibriados the Contemplative
  1239 | D:2      | Reached XP level 3. HP: 16/27 MP: 3/3
  2061 | D:3      | Gained mutation: You have sharp fingernails. [demonic
                  | ancestry]
  2061 | D:3      | Reached XP level 4. HP: 19/33 MP: 4/4
  2276 | D:3      | Reached * piety under Cheibriados
  2485 | D:4      | Reached skill level 1 in Shields
  2485 | D:4      | Gained mutation: You have a pair of small horns on your
                  | head. [demonic ancestry]
  2485 | D:4      | Reached XP level 5. HP: 25/39 MP: 5/5
  2922 | D:4      | Reached skill level 1 in Armour
  2922 | D:4      | Reached skill level 1 in Unarmed Combat
  2951 | D:4      | Reached XP level 6. HP: 32/46 MP: 6/6
  3055 | D:4      | Noticed a sky beast
  3088 | D:4      | Noticed a sky beast
  3100 | D:4      | Killed a sky beast
  3111 | D:4      | Found a burning altar of Makhleb.
  3172 | D:4      | Killed a sky beast
  3172 | D:4      | Reached ** piety under Cheibriados
  3172 | D:4      | Reached skill level 2 in Unarmed Combat
  3421 | D:4      | Noticed Natasha
  3433 | D:4      | Killed Natasha
  3481 | D:4      | Gained mutation: You are partially covered in sharp spines.
                  | [demonic ancestry]
  3481 | D:4      | Reached XP level 7. HP: 20/51 MP: 7/7
  3856 | D:4      | Noticed Natasha
  3863 | D:4      | Killed Natasha
  3920 | D:4      | Noticed Natasha
  3927 | D:4      | Killed Natasha
  3927 | D:4      | Reached skill level 3 in Unarmed Combat
  3977 | D:4      | Noticed a cacodemon
  3980 | D:4      | Noticed a hellwing
  3980 | D:4      | Noticed a smoke demon
  4000 | D:5      | Entered Level 5 of the Dungeon
  4024 | D:5      | Found a shadowy altar of Dithmenos.
  4073 | D:5      | You fall into a shaft and drop 2 floors!
  4207 | D:7      | Reached skill level 4 in Unarmed Combat
  4396 | D:7      | Found a runed translucent gate.
  4397 | D:7      | Found a runed translucent gate.
  4400 | D:7      | Found a runed translucent gate.
  4401 | D:7      | Noticed korppi's ghost (novice GrEE)
  4401 | D:7      | Noticed Maedhros's ghost (novice OpAr)
  4401 | D:7      | Noticed brujo666's ghost (novice MiGl)
  4402 | D:7      | Noticed ioannis32's ghost (novice DsFi)
  4406 | D:7      | Gained mutation: You are mostly covered in sharp spines.
                  | [demonic ancestry]
  4406 | D:7      | Reached XP level 8. HP: 58/58 MP: 8/8
  4663 | D:6      | Reached skill level 1 in Stealth
  4663 | D:6      | Reached skill level 5 in Unarmed Combat
  5086 | D:6      | Found a shimmering altar of Xom.
  5124 | D:6      | Found a shattered altar of Ashenzari.
  5392 | D:5      | Reached *** piety under Cheibriados
  5431 | D:5      | Reached skill level 6 in Unarmed Combat
  5472 | D:5      | Noticed a hippogriff
  5481 | D:5      | Killed a hippogriff
  5740 | D:5      | Found a staircase to the Ecumenical Temple.
  6090 | D:8      | Reached skill level 7 in Unarmed Combat
  6090 | D:8      | Reached XP level 9. HP: 63/63 MP: 9/9
  6270 | D:8      | Got a translucent steel ring
  6335 | D:8      | Reached **** piety under Cheibriados
  6380 | D:8      | Noticed a two-headed ogre
  6384 | D:8      | Killed a two-headed ogre
  6384 | D:8      | Reached skill level 8 in Unarmed Combat
  6417 | D:8      | Found Acsi's Magic Scroll Shoppe.
  6425 | D:8      | Bought a scroll of enchant armour for 120 gold pieces
  6425 | D:8      | Bought 2 scrolls of enchant armour for 240 gold pieces
  6425 | D:8      | Bought 2 scrolls of magic mapping for 112 gold pieces
  6638 | D:8      | Noticed Prince Ribbit
  6644 | D:8      | Killed Prince Ribbit
  6682 | D:8      | Reached skill level 9 in Unarmed Combat
  6709 | D:8      | Reached skill level 5 in Shields
  6926 | D:9      | Noticed a troll
  6939 | D:9      | Killed a troll
  6939 | D:9      | Gained mutation: You have large cloven feet. [demonic
                  | ancestry]
  6939 | D:9      | Reached XP level 10. HP: 47/73 MP: 10/10
  7216 | D:9      | Noticed a two-headed ogre
  7228 | D:9      | Killed a two-headed ogre
  7231 | D:9      | Gained mutation: You are robust. (+10% HP) [potion of
                  | mutation]
  7231 | D:9      | Gained mutation: Your flesh is heat resistant. (rF+)
                  | [potion of mutation]
  7231 | D:9      | Gained mutation: You are resistant to hostile enchantments.
                  | (MR+) [potion of mutation]
  7742 | D:9      | Noticed Grum
  7758 | D:9      | Killed Grum
  7813 | D:9      | Reached ***** piety under Cheibriados
  7818 | D:9      | Reached skill level 5 in Fighting
  7818 | D:9      | Reached skill level 10 in Unarmed Combat
  7956 | D:9      | Reached skill level 5 in Armour
  8045 | D:9      | Found a radiant altar of Vehumet.
  8089 | D:9      | Reached skill level 1 in Invocations
  8275 | D:9      | Noticed Harold
  8280 | D:9      | Killed Harold
  8299 | D:9      | Noticed Maggie
  8303 | D:9      | Found a sacrificial altar of Ru.
  8309 | D:9      | Killed Maggie
  8713 | D:10     | Entered Level 10 of the Dungeon
  8811 | D:10     | Gained mutation: You have a pair of horns on your head.
                  | [demonic ancestry]
  8811 | D:10     | Reached XP level 11. HP: 70/88 MP: 13/13
  9269 | D:10     | Reached ****** piety under Cheibriados
  9272 | D:10     | Identified the ring "Daatam" {MR+ MP+9} (You found it on
                  | level 8 of the Dungeon)
  9565 | D:10     | Found the +12 Vampire's Tooth {vamp}
  9582 | D:10     | Reached skill level 5 in Invocations
  9593 | D:10     | Reached skill level 11 in Unarmed Combat
 10119 | D:11     | Noticed Sonja
 10409 | D:11     | Killed Sonja
 10428 | D:11     | Found a staircase to the Lair.
 10545 | D:11     | Found a staircase to the Orcish Mines.
 10785 | D:11     | Noticed a purple ugly thing
 10795 | D:11     | Killed a purple ugly thing
 10888 | D:11     | Noticed Erolcha
 10894 | D:11     | Killed Erolcha
 10894 | D:11     | Gained mutation: You have a pair of large horns on your
                  | head. [demonic ancestry]
 10894 | D:11     | Reached XP level 12. HP: 69/97 MP: 16/16
 11585 | D:12     | Noticed Rupert
 11597 | D:12     | Killed Rupert
 11597 | D:12     | Reached skill level 12 in Unarmed Combat
 11664 | D:12     | Found a portal to a secret trove of treasure.
 11783 | D:12     | Found a basalt altar of Yredelemnul.
 11867 | D:12     | Found Efekhlil's Jewellery Boutique.
 11875 | D:12     | Bought a +3 amulet of reflection for 204 gold pieces
 12075 | Lair:1   | Entered Level 1 of the Lair of Beasts
 12284 | Lair:1   | Noticed a four-headed hydra
 12316 | Lair:1   | Killed a four-headed hydra
 13570 | Lair:2   | Noticed Urug
 13577 | Lair:2   | Killed Urug
 13697 | Lair:2   | Found a staircase to the Snake Pit.
 13728 | Lair:2   | Reached skill level 1 in Evocations
 13779 | Lair:2   | Found a bloodstained altar of Trog.
 13880 | Lair:2   | Identified a scroll of acquirement
 14226 | Lair:3   | Found a staircase to the Shoals.
 14272 | Lair:3   | Noticed a five-headed hydra
 14276 | Lair:3   | Killed a five-headed hydra
 14276 | Lair:3   | Gained mutation: You have very sharp fingernails. [demonic
                  | ancestry]
 14276 | Lair:3   | Reached XP level 13. HP: 106/106 MP: 19/19
 14404 | Lair:3   | Reached skill level 13 in Unarmed Combat
 15518 | Lair:3   | Upgraded the game from 0.25-a0-834-g55863b0b92 to
                  | 0.25-a0-972-g74ed164fb1
 15595 | Lair:4   | Found a frozen archway.
 15628 | IceCv    | Entered an ice cave
 17406 | Lair:4   | Found a runed translucent door.
 17983 | Lair:5   | Reached skill level 14 in Unarmed Combat
 18303 | Lair:5   | Reached XP level 14. HP: 116/116 MP: 21/21
 18525 | Lair:5   | Found a viscous altar of Jiyva.
 18525 | Lair:5   | Found a staircase to the Slime Pits.
 18603 | Lair:6   | Entered Level 6 of the Lair of Beasts
 19357 | Lair:6   | Reached skill level 10 in Invocations
 19532 | Lair:6   | Reached skill level 5 in Dodging
 19837 | Lair:6   | Reached skill level 5 in Throwing
 20519 | D:13     | Noticed Snorg
 20540 | D:13     | Killed Snorg
 20812 | D:13     | Reached skill level 10 in Shields
 21480 | D:14     | Reached skill level 15 in Unarmed Combat
 22003 | D:14     | Found a sparkling altar of Nemelex Xobeh.
 22024 | D:14     | Found a gate to the Vaults.
 22041 | D:14     | Reached XP level 15. HP: 91/126 MP: 17/23
 22057 | D:14     | HP: 2/126 [something/vampiric draining (15)]
 22381 | D:14     | Got a faintly glowing ivory amulet
 22921 | D:15     | Entered Level 15 of the Dungeon
 23277 | D:15     | Reached skill level 10 in Fighting
 23498 | D:15     | Found a runed translucent gate.
 23498 | D:15     | Found a runed translucent gate.
 23498 | D:15     | Found a runed translucent gate.
 23498 | D:15     | Noticed Nytecki's ghost (journeyman GrEE)
 24018 | D:15     | Found a staircase to the Depths.
 24090 | D:15     | Killed Nytecki's ghost
 24218 | Orc:1    | Entered Level 1 of the Orcish Mines
 24409 | Orc:1    | Found Iluaqack's Food Shoppe.
 24664 | Orc:2    | Entered Level 2 of the Orcish Mines
 24665 | Orc:2    | Noticed Nessos
 24672 | Orc:2    | Killed Nessos
 25055 | Orc:1    | Noticed Gastronok
 25073 | Orc:1    | Killed Gastronok
 25531 | Orc:1    | Identified the amulet of Creativity {Inacc rN++ Int+2} (You
                  | found it on level 14 of the Dungeon)
 25565 | Orc:2    | Found a staircase to the Elven Halls.
 25653 | Orc:2    | Noticed an orc warlord
 25665 | Orc:2    | Found a roughly hewn altar of Beogh.
 25671 | Orc:2    | Found Perhyosezie's Jewellery Emporium.
 25830 | Orc:2    | Killed an orc warlord
 25992 | Orc:2    | Found Inkisumm's Antique Weapon Emporium.
 25992 | Orc:2    | Found a roughly hewn altar of Beogh.
 25996 | Orc:2    | Found Oly Kusu's Antique Armour Shoppe.
 26033 | Orc:2    | Noticed Josephine
 26040 | Orc:2    | Killed Josephine
 26113 | Orc:2    | Found a roughly hewn altar of Beogh.
 26216 | Orc:2    | Found a roughly hewn altar of Beogh.
 26217 | Orc:2    | Found Poskut's Food Shoppe.
 26247 | Orc:2    | Reached skill level 16 in Unarmed Combat
 26391 | Orc:2    | Found a roughly hewn altar of Beogh.
 26683 | Orc:2    | Bought shiny fire dragon scales for 2016 gold pieces
 26845 | Shoals:1 | Entered Level 1 of the Shoals
 27649 | Shoals:1 | Noticed a kraken
 27667 | Shoals:1 | Killed a kraken
 27667 | Shoals:1 | Gained mutation: You have hoof-like feet. [demonic
                  | ancestry]
 27667 | Shoals:1 | Reached XP level 16. HP: 63/136 MP: 25/25
 27967 | Shoals:1 | Killed from afar by a merfolk aquamancer

Illustrated notes

Levels and vault maps discovered:
D:1:      lightli_arrival_isolated_outpost, layout_loops_cross,
          kennysheep_another_room, minmay_tetromino_l2
D:2:      layout_basic, lemuel_doored_altar,
          chequers_temple_overflow_statue_of_worship, serial_bayou_crossing
D:3:      layout_rooms, nicolae_overflow_hidden_temple, minmay_parallelograms
D:4:      layout_cave_pools, first_ration, makhleb_altar_promises_db,
          uniq_natasha
D:5:      lemuel_ice_spiral_2, layout_basic, grunt_dithmenos_smoke_and_mirrors,
          temple_fountains
D:6:      layout_loops_ring, cheibrodos_ashenzari_chains, basic_altar,
          dk_noncrumbling_4, hex_large
D:7:      layout_cave_pools, gammafunk_ghost_cemetery
D:8:      layout_basic, serial_shops, nicolae_shop_trees, grunt_ogre_cave,
          uniq_prince_ribbit1
D:9:      layout_layer_cave, kennysheep_little_box, marbit_many_paths,
          uniq_grum, uniq_harold, uniq_maggie
D:10:     layout_rooms, minmay_guarded_unrand_vampires_tooth
D:11:     layout_grid_maze, david_lair_generic, zombieorc1_lemuel, uniq_erolcha,
          uniq_sonja
D:12:     layout_cave_pools, serial_shops, shop, basic_altar,
          trove_entry_hex_spiral, uniq_rupert
D:13:     minmay_outward_triangles, layout_loops_ring,
          minmay_misc_feat_four_crosses, uniq_snorg
D:14:     layout_basic, lightli_vaults_fourway_checkpoint, basic_altar,
          minmay_the_grid_2x2 [minmay_the_grid_rooms,
          minmay_the_grid_medium_cups, minmay_the_grid_outer_diamond,
          minmay_the_grid_prize_big_room]
D:15:     gammafunk_enter_depths_forms, layout_irregular_city,
          hangedman_decor_lopped, ebering_ghost_rock_garden
Lair:1:   layout_layer_cave
Lair:2:   layout_cave_shapes, minmay_snake_entry_six_corridors, basic_altar,
          uniq_urug
Lair:3:   regret_index_harrowing_hell_hive, layout_gridlike,
          minmay_shoals_entry_centaurs, beast_lair_carwin_7,
          minmay_lair_oklob_chamber, infiniplex_staircase_pool_2
Lair:4:   layout_hall_layers, portal_ice_cave_entry_imps, st_stairs_10,
          pf_torpor_hydra
Lair:5:   layout_gridlike, dpeg_slime_entry_enclosed_altar, minivault_19,
          serial_bayou_shore_a, grunt_megastairs_1, lemuel_fruit_fields
Lair:6:   minmay_lair_end_enchanted_forest, layout_hall_layers,
          nicolae_lair_yak_garden
Shoals:1: layout_shoals
Orc:1:    layout_diamond_mine, serial_shops, shop, nooodl_orcs_dogs,
          uniq_gastronok
Orc:2:    grunt_orc_community_town_hall, layout_diamond_mine,
          grunt_orc_community_big_house_2, grunt_orc_community_big_house_1,
          grunt_orc_community_house_2, grunt_orc_community_house_2,
          grunt_orc_community_house_3, grunt_orc_community_house_3,
          uniq_josephine, uniq_nessos

Skill      XL: |  1  2  3  4  5  6  7  8  9 10 11 12 13 14 15 |
---------------+----------------------------------------------+-----
Long Blades    | 3 4 |  4.6
Dodging        | 3 4 5 |  5.5
Shields        | 1 2 3 4 5 6 7 8 9 10 11 | 11.4
Armour         | 1 2 3 4 5 6 7 8 |  8.3
Unarmed Combat | 1 2 4 7 9 10 11 12 14 15 16 | 16.2
Fighting       | 3 4 5 6 7 8 9 10 | 10.6
Stealth        | 1 2 3 |  3.2
Throwing       | 2 4 5 6 |  6.4
Invocations    | 3 6 8 9 11 12 | 12.0
Evocations     | 1 |  1.0

Action                   |  1- 3 |  4- 6 |  7- 9 | 10-12 | 13-15 | 16-18 || total
-------------------------+-------+-------+-------+-------+-------+-------++-------
Melee: Long sword        |    98 |    65 |       |       |       |       ||   163
       Unarmed           |       |   117 |   216 |   590 |  1002 |    24 ||  1949
       Headbutt          |       |    23 |    68 |   203 |   358 |     8 ||   660
Throw: Boomerang         |       |       |     5 |    62 |   184 |       ||   251
       Throwing net      |       |       |       |     3 |       |       ||     3
       Dart              |       |       |       |     4 |       |       ||     4
       Javelin           |       |       |       |       |    16 |       ||    16
Invok: Slouch            |       |       |       |     2 |     5 |       ||     7
Evoke: Wand              |       |       |       |    10 |     4 |       ||    14
  Use: Scroll            |     5 |     3 |       |    16 |    13 |       ||    37
       Potion            |       |     1 |       |     6 |     6 |       ||    13
 Stab: Sleeping          |     2 |       |       |       |     1 |       ||     3
       Distracted        |       |     2 |     2 |     2 |     7 |       ||    13
       Held in net/web   |       |       |       |     1 |       |       ||     1
       Paralysed         |       |       |       |     4 |       |       ||     4
  Eat: Chunk             |     4 |     3 |     5 |    14 |    24 |       ||    50
Armor: Leather armour    |    10 |       |       |       |       |       ||    10
       Scale mail        |    25 |    72 |    17 |       |     7 |       ||   121
       Chain mail        |       |       |    47 |   154 |    26 |       ||   227
       Skin              |       |       |       |     3 |       |       ||     3
       Ice dragon scales |       |       |       |       |   115 |     5 ||   120
Dodge: Dodged            |    56 |    53 |    58 |   142 |   261 |    17 ||   587
Block: Kite shield       |    31 |   108 |   146 |       |       |       ||   285
       Tower shield      |       |       |    26 |   700 |  1077 |    46 ||  1849
       Reflection        |       |       |       |     5 |    80 |       ||    85
       Rpst.: Long sword |    20 |    10 |       |       |       |       ||    30

Table legend:
 A = Non-vault XP
 B = Vault XP
 C = Vault XP percentage of total XP
 D = Non-vault monster count
 E = Vault monster count
 F = Vault count percentage of total count
                 A         B        C        D         E       F
            +---------+---------+-------+---------+---------+-------
      Total |   83122 |   73861 |  47.1 |     540 |     333 |  38.1
            +---------+---------+-------+---------+---------+-------
        D:1 |      24 |       5 |  17.2 |      14 |       2 |  12.5
        D:2 |      55 |       0 |   0.0 |      10 |       0 |   0.0
        D:3 |      79 |       0 |   0.0 |      20 |       0 |   0.0
        D:4 |     716 |      24 |   3.2 |      25 |       1 |   3.8
        D:5 |    1142 |       0 |   0.0 |      23 |       0 |   0.0
        D:6 |     198 |       0 |   0.0 |       4 |       0 |   0.0
        D:7 |     470 |       0 |   0.0 |      12 |       0 |   0.0
        D:8 |    1994 |     392 |  16.4 |      28 |       2 |   6.7
        D:9 |    3229 |    1754 |  35.2 |      37 |       7 |  15.9
       D:10 |    3777 |    1992 |  34.5 |      44 |       9 |  17.0
       D:11 |    4182 |    3455 |  45.2 |      28 |      33 |  54.1
       D:12 |    2168 |    2963 |  57.7 |      23 |       1 |   4.2
       D:13 |    3059 |    5901 |  65.9 |      19 |       8 |  29.6
       D:14 |    3979 |   12454 |  75.8 |      22 |      35 |  61.4
       D:15 |    7220 |    6466 |  47.2 |      27 |      10 |  27.0
     Lair:1 |    3103 |       0 |   0.0 |      14 |       0 |   0.0
     Lair:2 |    2562 |    2000 |  43.8 |      16 |      14 |  46.7
     Lair:3 |    4558 |    7437 |  62.0 |      18 |      55 |  75.3
     Lair:4 |    4089 |     782 |  16.1 |      16 |      14 |  46.7
     Lair:5 |    6614 |       0 |   0.0 |      15 |       0 |   0.0
     Lair:6 |    8491 |   10187 |  54.5 |      34 |      44 |  56.4
   Shoals:1 |   15791 |       0 |   0.0 |      32 |       0 |   0.0
      Orc:1 |    2289 |    3124 |  57.7 |      37 |      13 |  26.0
      Orc:2 |    3333 |    9555 |  74.1 |      22 |      65 |  74.7
      IceCv |       0 |    5370 | 100.0 |       0 |      20 | 100.0
            +---------+---------+-------+---------+---------+-------
